Map: Ulrena

Players

Naga

  • Race: Protoss Protoss
  • League: Gold

Firegirl - Winner!

  • Race: Protoss Protoss
  • League: Platinum

VOD

Have the link to the VOD?

Description

Time

  • Played on: March 5, 2016, 8:11 p.m.
  • Length: 16:15
Show
View Real Time Build Order
Export as new Build Order

Naga Protoss 

Build Orders: 1 Gate Expand 

Get SALT Encoding   

  12  0:04  Probe (Chrono Boost)  
  13  0:14  Probe (Chrono Boost)  
  13  0:19  Pylon  
  14  0:25  Probe (Chrono Boost)  
  15  0:38  Gateway  
  15  0:41  Probe (Chrono Boost)  
  16  0:47  Assimilator  
  16  0:52  Probe (Chrono Boost)  
  17  1:02  Probe (Chrono Boost)  
  18  1:14  Probe (Chrono Boost)  
  19  1:25  Nexus  
  19  1:35  Cybernetics Core  
  19  1:37  Probe (Chrono Boost)  
  20  1:49  Probe (Chrono Boost)  
  20  1:52  Pylon  
  20  1:54  Assimilator  
  21  1:59  Probe (Chrono Boost)  
  22  2:06  Pylon  
  22  2:13  Probe (Chrono Boost)  
  23  2:21  Stalker  
  25  2:25  Mothership Core (Chrono Boost)  
  25  2:28  Warp Gate  
  27  2:39  Probe (Chrono Boost)  
  28  2:47  Probe (Chrono Boost)  
  28  2:49  Probe (Chrono Boost)  
  30  2:52  Robotics Facility  
  30  3:00  Probe (Chrono Boost)  
  30  3:02  Probe (Chrono Boost)  
  32  3:08  Stalker  
  32  3:12  Probe (Chrono Boost)  
  36  3:13  Probe (Chrono Boost)  
  36  3:18  Pylon  
  36  3:25  Probe (Chrono Boost)  
  36  3:26  Pylon, Probe (Chrono Boost)  
  38  3:38  Stalker  
  38  3:40  Twilight Council  
  40  3:42  Observer  
  40  3:56  Forge  
  40  4:07  Pylon  
  40  4:12  Stalker  
  42  4:17  Blink (Chrono Boost)  
  42  4:19  Probe (Chrono Boost)  
  42  4:20  Probe (Chrono Boost)  
  42  4:23  Assimilator  
  44  4:25  Assimilator  
  44  4:30  Probe (Chrono Boost)  
  44  4:31  Probe (Chrono Boost)  
  46  4:33  Photon Cannon  
  46  4:35  Pylon  
  46  4:42  Photon Cannon  
  46  4:44  Probe (Chrono Boost)  
  47  4:54  Probe  
  47  4:57  Gateway  
  47  4:58  Gateway  
  48  5:01  Gateway  
  48  5:21  Probe  
  48  5:24  Protoss Ground Weapons Level 1  
  48  5:26  Immortal  
  48  5:27  Probe  
  53  5:33  Probe  
  55  5:38  Probe  
  56  5:46  Probe  
  56  5:49  Probe  
  58  5:57  Nexus  
  58  5:58  Probe  
  58  5:59  Pylon  
  59  6:05  Immortal  
  63  6:12  Pylon  
  63  6:14  Gateway  
  63  6:16  Gateway  
  63  6:21  Gateway x2  
  63  6:26  Probe  
  63  6:27  Probe  
  63  6:30  Stalker  
  67  6:39  Probe  
  68  6:57  Probe  
  68  6:58  Probe  
  70  7:07  Probe  
  70  7:08  Pylon, Immortal (Chrono Boost)  
  70  7:09  Pylon  
  70  7:10  Probe  
  70  7:14  Probe  
  76  7:18  Probe  
  76  7:21  Stalker x2  
  76  7:22  Stalker x4, Probe  
  91  7:25  Probe  
  91  7:29  Probe  
  92  7:34  Protoss Ground Weapons Level 2 (Chrono Boost)  
  93  7:44  Stalker x2  
  93  7:45  Stalker x3  
  93  7:47  Stalker  
  93  7:50  Probe  
  105  7:52  Probe x2  
  108  8:04  Probe  
  109  8:26  Pylon  
  109  8:42  Stalker x4  
  109  8:43  Stalker x4  
  118  9:19  Stalker  
  120  9:25  Templar Archives  
  120  9:50  Pylon  
  120  10:00  Pylon  
  120  10:03  High Templar x2, Pylon  
  120  10:04  High Templar x2, Psionic Storm  
  120  10:05  High Templar x4  
  120  10:06  Assimilator  
  136  10:08  Assimilator  
  136  10:13  Archon  
  136  10:14  Archon x3  
  136  10:18  Probe  
  136  10:19  Probe  
  136  10:20  Probe  
  139  10:33  Nexus  
  139  10:34  Observer  
  139  10:37  Assimilator  
  139  10:39  Gateway  
  139  10:40  Assimilator, Gateway  
  139  10:41  Gateway  
  140  10:43  Gateway  
  140  10:46  High Templar  
  140  10:48  High Templar  
  140  10:49  Pylon  
  144  10:52  Pylon  
  144  10:54  Pylon  
  144  11:06  Pylon  
  144  11:09  Pylon  
  144  11:10  High Templar  
  144  11:11  High Templar  
  148  11:13  Zealot  
  148  11:14  Zealot x3  
  156  11:29  Probe  
  156  11:30  Probe x2  
  159  11:33  Observer  
  159  11:39  High Templar x2  
  164  11:42  Probe  
  165  11:51  Observer  
  139  12:18  High Templar x2  
  139  12:19  High Templar x2  
  137  12:32  Zealot x2  
  137  12:33  Zealot x2  
  145  12:41  Pylon  
  145  12:51  Photon Cannon  
  145  12:52  Pylon, Stalker, Photon Cannon  
  145  12:53  Pylon, Stalker x4  
  145  12:54  Pylon, Stalker x3  
  161  13:04  High Templar x2  
  165  13:20  Stalker x4  
  165  13:21  Stalker x2  
  177  13:34  Archon x4  
  159  13:39  Photon Cannon x2  
  144  13:46  Pylon  
  144  13:48  Pylon  
  144  13:50  Pylon  
  144  13:53  Pylon  
  144  13:55  Pylon  
  124  14:16  Gateway  
  124  14:17  Gateway  
  124  14:20  Gateway  
  124  14:22  Gateway, Pylon  
  124  14:24  Gateway, Pylon  
  124  14:26  Gateway  
  124  14:29  Gateway  
  124  14:31  Gateway  
  104  15:07  Pylon  
  101  15:14  Nexus  
  101  15:19  Pylon  
  101  15:20  Pylon  
  88  15:23  Pylon  
  88  15:24  Pylon  
  88  15:27  Pylon  
  88  15:29  Pylon  
Show
View Real Time Build Order
Export as new Build Order

Firegirl Protoss - Winner!

Build Orders:  

Get SALT Encoding   

  12  0:01  Probe (Chrono Boost)  
  13  0:12  Probe (Chrono Boost)  
  14  0:22  Probe (Chrono Boost)  
  14  0:24  Pylon  
  15  0:42  Probe (Chrono Boost)  
  16  0:53  Probe (Chrono Boost)  
  17  1:14  Nexus  
  17  1:15  Gateway  
  17  1:17  Probe (Chrono Boost)  
  18  1:24  Pylon  
  18  1:29  Probe (Chrono Boost)  
  19  1:35  Assimilator  
  19  1:46  Probe (Chrono Boost)  
  20  1:57  Probe (Chrono Boost)  
  21  2:07  Probe (Chrono Boost), Cybernetics Core  
  22  2:10  Assimilator  
  22  2:16  Forge  
  22  2:18  Probe (Chrono Boost)  
  23  2:28  Probe (Chrono Boost)  
  23  2:29  Probe (Chrono Boost)  
  25  2:39  Probe (Chrono Boost)  
  27  2:46  Mothership Core (Chrono Boost)  
  27  2:50  Probe (Chrono Boost)  
  29  2:52  Photon Cannon  
  29  3:08  Pylon  
  29  3:09  Probe (Chrono Boost)  
  30  3:14  Probe (Chrono Boost)  
  32  3:20  Probe (Chrono Boost)  
  32  3:24  Probe (Chrono Boost), Stargate  
  33  3:30  Probe (Chrono Boost)  
  33  3:35  Probe (Chrono Boost)  
  33  3:41  Probe (Chrono Boost)  
  35  3:45  Probe (Chrono Boost)  
  36  3:51  Probe (Chrono Boost)  
  37  3:56  Probe (Chrono Boost)  
  37  4:01  Probe (Chrono Boost)  
  37  4:02  Robotics Facility  
  39  4:06  Probe (Chrono Boost)  
  39  4:07  Oracle (Chrono Boost)  
  43  4:16  Assimilator  
  43  4:18  Assimilator  
  43  4:19  Probe  
  43  4:22  Pylon  
  44  4:30  Probe  
  44  4:31  Stargate  
  45  4:38  Nexus  
  45  4:42  Assimilator  
  45  4:45  Assimilator  
  45  4:46  Void Ray (Chrono Boost)  
  45  4:47  Probe  
  50  5:14  Probe  
  50  5:18  Void Ray (Chrono Boost)  
  55  5:23  Void Ray (Chrono Boost)  
  55  5:26  Probe  
  60  5:37  Pylon  
  60  5:38  Pylon  
  60  5:50  Immortal  
  60  5:52  Photon Cannon  
  60  5:56  Photon Cannon  
  64  5:59  Void Ray (Chrono Boost)  
  68  6:04  Probe  
  69  6:14  Probe  
  69  6:18  Void Ray (Chrono Boost)  
  74  6:25  Probe  
  74  6:29  Warp Prism  
  77  6:35  Probe  
  77  6:37  Void Ray (Chrono Boost)  
  82  6:46  Probe, Fleet Beacon  
  82  6:47  Stargate  
  83  6:57  Probe  
  84  7:07  Protoss Air Weapons Level 1 (Chrono Boost), Probe  
  85  7:18  Probe  
  86  7:25  Photon Cannon  
  86  7:28  Probe  
  86  7:33  Nexus  
  86  7:37  Assimilator  
  87  7:39  Assimilator  
  87  7:42  Pylon  
  87  7:46  Carrier  
  93  7:53  Carrier  
  99  8:17  Pylon  
  99  8:21  Pylon  
  99  8:26  Pylon  
  99  8:33  Pylon  
  99  8:34  Pylon, Probe, Protoss Air Armor Level 1 (Chrono Boost)  
  99  8:37  Photon Cannon  
  99  8:38  Photon Cannon  
  99  8:39  Carrier  
  99  8:41  Pylon  
  106  8:44  Probe  
  106  8:45  Graviton Catapult (Chrono Boost)  
  101  9:20  Probe  
  101  9:30  Observer  
  106  9:31  Probe  
  106  9:37  Photon Cannon  
  104  9:38  Photon Cannon  
  104  9:41  Probe, Photon Cannon  
  104  9:43  Photon Cannon  
  102  9:51  Observer  
  102  9:52  Probe, Carrier  
  103  9:53  Carrier  
  116  10:02  Stargate  
  116  10:03  Probe  
  116  10:04  Stargate  
  117  10:08  Protoss Air Weapons Level 2  
  117  10:13  Probe  
  117  10:16  Carrier  
  124  10:24  Probe  
  125  10:34  Probe  
  126  10:45  Photon Cannon  
  126  10:49  Pylon, Carrier x2  
  126  10:56  Photon Cannon  
  138  10:58  Pylon  
  130  12:31  Carrier x2  
  142  12:57  Mothership Core  
  144  13:01  Nexus  
  144  13:04  Assimilator  
  144  13:08  Assimilator  
  144  13:12  Pylon  
  144  13:14  Pylon  
  112  14:43  Pylon  
  112  14:45  Pylon  
  111  14:46  Pylon  
  111  14:48  Pylon  
  111  14:50  Pylon  
Tags
 
Add a new tag
Caveats
  • Supply blocks, unpowered buildings, or Contaminate may cause inaccurate times.
  • Supply counts are checked every 10 seconds.